AoeStats
← EeeZee3

Arena

510377823Analyzed
1v1 RM · 2d ago on Sep 30, 2026· 27m 15s· 2 players
Game mode
Random Map
Map size
Tiny (2 player)
Population
200
Speed
Normal
Resources
Standard
Victory
Conquest
Starting age
Dark Age
Ending age
Imperial Age
RankedLock teamsTeams togetherTeam positionsShared explorationLock speedFull tech treeHidden civsTurbo modeCheats
Victory
Defeat
🇨🇭 Danes · Switzerland
613
+15
🇺🇸 Vikings · United States
598
-15
bill.bolding23
11:06 Feudal Age
12:08 Double-Bit Axe
17:40 Castle Age
21:34 Bow Saw
23:23 Horse Collar
24:40 Gold Mining
24:41 Stone Mining
EeeZee3
0:26 Loom
11:03 Feudal Age
12:40 Double-Bit Axe
17:00 Castle Age
15:02 Horse Collar
15:18 Man-at-Arms
16:41 Arson
17:19 Forging
17:26 Scale Mail Armor
17:55 Gambesons
20:55 Squires
27:45 Iron Casting
27:41 Fletching
Connection lost

Rejoining the realm…

Still unreachable

The connection could not be restored.

Session expired

The server has moved on; the page needs a fresh start.